AoeStats
← _LY_抖音肥龙

Arabian Desert

509604366Analyzed
1v1 RM · 4d ago on Sep 27, 2026· 23m 47s· 2 players
Game mode
Random Map
Map size
Tiny (2 player)
Population
200
Speed
Normal
Resources
Standard
Victory
Conquest
Starting age
Dark Age
Ending age
Imperial Age
RankedLock teamsTeams togetherTeam positionsShared explorationLock speedFull tech treeHidden civsTurbo modeCheats
Victory
Defeat
🇺🇸 Chinese · United States
2691
+22
🇭🇰 Aztecs · Hong Kong SAR China
2839
-22
CNZS_Daniel
0:26 Loom
8:53 Feudal Age
9:07 Man-at-Arms
9:44 Double-Bit Axe
13:24 Fletching
17:03 Double-Bit Axe
22:22 Castle Age
21:02 Gold Mining
20:53 Horse Collar
23:13 Scale Mail Armor
23:23 Forging
24:06 Squires
_LY_抖音肥龙
6:17 Loom
8:43 Feudal Age
8:52 Man-at-Arms
9:57 Double-Bit Axe
23:04 Castle Age
21:30 Horse Collar
22:34 Scale Mail Armor
23:27 Eagle Warrior
Connection lost

Rejoining the realm…

Still unreachable

The connection could not be restored.

Session expired

The server has moved on; the page needs a fresh start.